 Dungeon Crawl Stone Soup version 0.29.1-15-g9cfb28693d (webtiles) character file.

Game seed: 15450519124249178951

144 Carnifexus the Sneak (level 5, -3/46 HPs)
             Began as a Minotaur Delver on Mar 25, 2023.
             Slain by a hound (4 damage)
             ... on level 6 of the Dungeon.
             The game lasted 00:09:53 (3969 turns).

Carnifexus the Sneak (Minotaur Delver)              Turns: 3969, Time: 00:09:53

Health: -3/46      AC:  9    Str: 17 (19) XL:     5   Next: 5%
Magic:  4/4        EV: 11    Int: 10 (13) God:
Gold:   237        SH:  0    Dex:  9 (11) Spells: 4/4 levels left

rFire   . . .      SeeInvis .   a - +0 falchion
rCold   . . .      Faith    .   (no shield)
rNeg    . . .      Spirit   .   b - +0 leather armour
rPois   .          Reflect  .   (helmet restricted)
rElec   .          Harm     .   o - +1 cloak
rCorr   .          Rampage  .   (no gloves)
Will    .....                   (no boots)
Stlth   +.........              (no amulet)
HPRegen 0.15/turn               t - +6 ring of intelligence
MPRegen 0.09/turn               v - +4 ring of protection

@: confused, attractive, hasted, very quick
A: horns 2, retaliatory headbutt
a: no special abilities


You were on level 6 of the Dungeon.
You visited 1 branch of the dungeon, and saw 6 of its levels.

You collected 237 gold pieces.

Inventory:

Hand Weapons
 a - a +0 falchion (weapon)
Armour
 b - a +0 leather armour (worn)
 k - a +0 plate armour
 o - a +1 cloak (worn)
 p - an orb of guile
Magical Staves
 x - a staff of earth
Jewellery
 q - a ring of poison resistance
 t - a +6 ring of intelligence (left hand)
 v - a +4 ring of protection (right hand)
Wands
 g - a wand of digging (3)
Scrolls
 c - 3 scrolls of fog
 d - a scroll of magic mapping
 e - a scroll of fear
 h - 2 scrolls of vulnerability {unknown}
 l - 5 scrolls of identify
 r - 2 scrolls of poison {unknown}
 s - a scroll of teleportation {unknown}
 u - a scroll of enchant armour {unknown}
 y - a scroll of enchant weapon {unknown}
Potions
 f - a potion of haste
 m - 3 potions of degeneration
 n - 3 potions of resistance


   Skills:
 + Level 4.0 Fighting
 + Level 4.0 Long Blades
 + Level 2.2 Armour
 + Level 2.6 Dodging
 + Level 4.9 Stealth


You had 4 spell levels left.
You didn't know any spells.
Your spell library contained the following spells:

 Spells                   Type           Power      Damage    Failure   Level
 Sting                    Tmut/Pois      0%         1d3       41%         1
 Poisonous Vapours        Pois/Air       0%         N/A       56%         2
 Olgreb's Toxic Radiance  Pois           0%         N/A       99%         4
 Ozocubu's Refrigeration  Ice            0%         4d7       100%        7
 Ignition                 Fire           0%         3d3       100%        8


Dungeon Overview and Level Annotations

Branches:
Dungeon (6/15)
 Temple: D:4-7

Altars:
Ru

Shops:
D:5 [

Annotations:
D:3 Natasha
D:6 Eustachio


Innate Abilities, Weirdness & Mutations

You have a pair of horns on your head.
You reflexively headbutt those who attack you in melee.


Message History

An orc wizard appears from thin air!
Reactivating autopickup.
The orc wizard gestures at you while chanting.
You are confused.
You climb downwards.
Eustachio is attracted toward you. The hound is attracted toward you.
Found 4 poisoned darts and a scroll of identify.
There is a stone staircase leading up here.
The orc wizard barely misses you.
Eustachio mumbles some strange words.
Eustachio blinks!
The hound is attracted toward you.
In your confused state, you trip and fall back down the stairs.
* * * LOW HITPOINT WARNING * * *
The hound bites you but does no damage.
The orc wizard hits you but does no damage.
The hound closely misses you.
The orc wizard gestures at you while chanting.
You are more confused.
The hound misses you.
In your confused state, you trip and fall back down the stairs.
* * * LOW HITPOINT WARNING * * *
The hound bites you but does no damage. The orc wizard casts a spell at you.
The puff of flame misses you. The hound bites you but does no damage.
The hound closely misses you.
The orc wizard points at you and mumbles some strange words.
You resist with some effort.
In your confused state, you trip and fall back down the stairs.
* * * LOW HITPOINT WARNING * * *
The hound bites you.
* * * LOW HITPOINT WARNING * * *
The orc wizard hits you but does no damage.
The hound bites you but does no damage.
You are too confused!
You are too confused!
The hound attacks as you move away! The hound bites you but does no damage.
You are too confused!
You are too confused!
You feel yourself speed up. The hound bites you.
You die...

#########.
##.....(..?
####..o..#
.......h@.#
......###.#
...... .#
..... .#
##### .# .#
.# ##


You could see a hound and an orc wizard.

Vanquished Creatures
  2 orc wizards (D:4)
  An adder (D:3)
  A worm (D:4)
  6 dart slugs
  8 orcs
  4 ball pythons
  6 bats
  9 endoplasms
  2 goblins
  4 hobgoblins
  6 jackals
  2 quokkas
  A frilled lizard (D:2)
  2 kobolds (D:1)
  3 rats
57 creatures vanquished.

Notes
Turn   | Place    | Note
-------+----------+-------------------------------------------
     0 | D:5      | Carnifexus the Minotaur Delver began the quest for the Orb.
     0 | D:5      | Reached XP level 1. HP: 19/19 MP: 0/0
    42 | D:5      | Noticed a howler monkey
   434 | D:4      | Noticed an orc wizard
   507 | D:3      | Reached XP level 2. HP: 27/27 MP: 1/1
  1140 | D:2      | Reached XP level 3. HP: 28/33 MP: 2/2
  1648 | D:1      | Found a faded altar of an unknown god.
  1666 | D:1      | Reached skill level 1 in Armour
  2572 | D:3      | Reached XP level 4. HP: 33/40 MP: 3/3
  2699 | D:3      | Noticed Natasha
  3164 | D:3      | Found a sacrificial altar of Ru.
  3910 | D:5      | Reached XP level 5. HP: 46/46 MP: 4/4
  3927 | D:5      | Found Zydoith's Armour Shoppe.
  3961 | D:6      | Noticed Eustachio
  3967 | D:6      | HP: 1/46 [hound (2)]
  3969 | D:6      | Slain by a hound

Illustrated notes

Levels and vault maps discovered:
D:1:      nzn_arrival_crosshair, layout_loops_ring,
          hellmonk_ecumenical_altar_lost_god
D:2:      layout_basic
D:3:      layout_rooms, lemuel_doored_altar, kennysheep_nub, uniq_natasha
D:4:      layout_basic
D:5:      layout_loops_ring, serial_shops, shop, shop
D:6:      layout_basic, temple_green, kennysheep_generic_room_12, uniq_eustachio

Skill      XL: |  1  2  3  4  5 |
---------------+----------------+-----
Long Blades    | 3 4 |  4.0
Armour         | 1 2 |  2.2
Fighting       | 4 |  4.0
Dodging        | |  2.6
Stealth        | |  4.9

Action                   |  1- 3 |  4- 6 || total
-------------------------+-------+-------++-------
Melee: Falchion          |    86 |    55 ||   141
       Headbutt          |    18 |     6 ||    24
  Use: Scroll            |     1 |       ||     1
       Potion            |       |     5 ||     5
 Stab: Sleeping          |     9 |     2 ||    11
Armor: Leather armour    |    40 |    34 ||    74
Dodge: Dodged            |    74 |    33 ||   107
